 Dungeon Crawl Stone Soup version 0.22-a0-605-g9281fa2 (webtiles) character file.

528 digijack the Covered (level 7, -1/55 HPs)
             Began as a Demonspawn Chaos Knight on July 8, 2018.
             Succumbed to Edmund's poison
             ... while paralysed
             ... on level 4 of the Dungeon.
             The game lasted 00:33:19 (3279 turns).

digijack the Covered (Demonspawn Chaos Knight)      Turns: 3279, Time: 00:33:20

Health: -1/55      AC: 15    Str: 14      XL:     7   Next: 3%
Magic:  7/7        EV:  2    Int: 13      God:    Xom [...*..]
Gold:   141        SH:  0    Dex: 12 (13) Spells: 6/6 levels left

rFire    . . .     SeeInvis .   a - +0 short sword (chaos)
rCold    . . .     Gourm    .   (no shield)
rNeg     . . .     Faith    .   e - +0 plate armour
rPois    .         Spirit   .   (helmet restricted)
rElec    .         Reflect  .   (no cloak)
rCorr    .         Harm     .   (no gloves)
MR       .....                  k - +0 pair of boots
Stlth    ..........             i - amulet of rage
HPRegen  0.18/turn              (no ring)
MPRegen  0.10/turn              (no ring)

@: paralysed, lethally poisoned (-1 -> -25), berserk cooldown, slowed
A: horns 1, molten scales 1, powered by pain 1, rot immunity
a: Renounce Religion, Evoke Berserk Rage


You were on level 4 of the Dungeon.
You worshipped Xom.
You were a favourite toy of Xom.
You were completely stuffed.

You visited 1 branch of the dungeon, and saw 4 of its levels.

You collected 141 gold pieces.

Inventory:

Hand Weapons
 a - a +0 short sword of chaos (weapon)
Armour
 e - a +0 plate armour (worn)
 h - a +0 helmet
 k - a +0 pair of boots (worn)
Jewellery
 i - an amulet of rage (around neck)
Wands
 b - a wand of flame (17)
 g - a wand of iceblast (8)
Scrolls
 d - 3 scrolls of identify
 f - 2 scrolls of remove curse
Comestibles
 c - 2 rations


   Skills:
 + Level 4.7 Fighting
 + Level 4.2 Short Blades
 * Level 4.8 Armour
 - Level 1.6 Dodging
 - Level 0.5 Stealth


You had 6 spell levels left.
You didn't know any spells.
Your spell library contained the following spells:

 Spells                   Type           Power        Failure   Level  Hunger
 Summon Demon             Summ           #.........   100%        5    ######.
 Recall                   Summ/Tloc      N/A          100%        3    ####...
 Shadow Creatures         Summ           N/A          100%        6    #######
 Aura of Abjuration       Summ           #.........   100%        5    ######.
 Summon Forest            Summ/Tloc      #.........   100%        5    ######.
 Summon Mana Viper        Hex/Summ       #.......     100%        5    ######.


Dungeon Overview and Level Annotations

Branches:
Dungeon (4/15)
 Temple: D:4-7

Altars:
Ashenzari
Elyvilon


Innate Abilities, Weirdness & Mutations

You have a pair of small horns on your head.
You are partially covered in molten scales. (AC +2)
You sometimes gain a little power by taking damage.
You are immune to rotting.


Message History

* * * LOW HITPOINT WARNING * * *
You feel sick.
You eat one of the 4 rations.
That ration really hit the spot!
* * * LOW HITPOINT WARNING * * *
You feel sick.
You eat one of the 3 rations.
That ration really hit the spot!
You feel your anger nearly subside.
* * * LOW HITPOINT WARNING * * *
You feel sick.
You're too full to eat anything.
You butcher the human corpse of Edmund.
You are no longer berserk.
You pass out from exhaustion.
You feel yourself slow down.
* * * LOW HITPOINT WARNING * * *
You feel sick.
* * * LOW HITPOINT WARNING * * *
You feel sick.
You die...
Xom snickers!

#########
#.......#####
#.......'...#
#.......#@..# O...
#.......#....# #....
###....##.#### ....?
#....#... ......
+....#... ......
#...)#########......
##.............#####
#.................#
+...........#.....#


There were no monsters in sight!

Vanquished Creatures
  Eustachio (D:4)
  Edmund (D:4)
  An ogre (D:4)
  A hound (D:4)
  Ijyb (D:4)
  Robin (D:3)
  A river rat (D:1)
  2 adders (D:2)
  A shadow imp (D:3)
  A worm (D:2)
  A dart slug (D:4)
  3 leopard geckos
  An orc (D:4)
  7 bats
  3 giant cockroaches
  15 goblins
  11 hobgoblins
  8 jackals
  A quokka (D:4)
  2 frilled lizards
  7 kobolds
  14 rats
84 creatures vanquished.

Notes
Turn   | Place    | Note
-------+----------+-------------------------------------------
     0 | D:1      | digijack the Demonspawn Chaos Knight began the quest for the Orb.
     0 | D:1      | Reached XP level 1. HP: 18/18 MP: 1/1
    48 | D:1      | Reached skill level 1 in Dodging
    87 | D:1      | Gained mutation: You are partially covered in molten scales. (AC +2) [demonic ancestry]
    87 | D:1      | Reached XP level 2. HP: 22/24 MP: 2/2
   104 | D:1      | XOM: harmless Summ miscast
   128 | D:1      | XOM: butterfly on damage
   707 | D:1      | Reached XP level 3. HP: 27/29 MP: 3/3
   815 | D:1      | XOM: silly message
  1129 | D:2      | Found a shattered altar of Ashenzari.
  1139 | D:2      | XOM: mild Tmut miscast
  1205 | D:2      | Found a white marble altar of Elyvilon.
  1373 | D:2      | XOM is BORED!
  1373 | D:2      | XOM: mild Erth miscast
  1550 | D:2      | Reached XP level 4. HP: 24/35 MP: 4/4
  1608 | D:2      | XOM: harmless Tmut miscast
  1905 | D:3      | Noticed Robin
  1937 | D:3      | Killed Robin
  2120 | D:3      | Found a faded altar of an unknown god.
  2743 | D:4      | Noticed Eustachio
  2765 | D:4      | XOM: cleaving
  2773 | D:4      | XOM: summons 2 friendly demons
  2789 | D:4      | Killed Eustachio
  2789 | D:4      | Gained mutation: You sometimes gain a little power by taking damage. [demonic ancestry]
  2789 | D:4      | Reached XP level 5. HP: 19/42 MP: 5/5
  2789 | D:4      | Gained mutation: You are immune to rotting. [demonic ancestry]
  2789 | D:4      | Reached XP level 6. HP: 22/48 MP: 6/6
  2988 | D:4      | Noticed Ijyb
  2993 | D:4      | Killed Ijyb
  3239 | D:4      | XOM: god gift: pair of boots {god gift}
  3257 | D:4      | Noticed Edmund
  3272 | D:4      | Killed Edmund
  3272 | D:4      | Gained mutation: You have a pair of small horns on your head. [demonic ancestry]
  3272 | D:4      | Reached XP level 7. HP: 15/55 MP: 7/7
  3278 | D:4      | HP: 1/55 [poisoned by Edmund]
  3279 | D:4      | Succumbed to Edmund's poison

Vault maps used:
D:1:      shiori_arrival_whats_in_store_for_you
D:2:      overflow_temple_1_default, elyvilon_altar_5
D:3:      chequers_ecumenical_altar_twisty, uniq_robin
D:4:      lemuel_upstairs_altar, lightli_temple_of_fire,
          minmay_a_box_with_orc_wizards_in_it, uniq_crazy_yiuf_cottage,
          uniq_edmund, uniq_ijyb, uniq_eustachio

Skill      XL: |  1  2  3  4  5  6 |
---------------+-------------------+-----
Dodging        | 1 |  1.6
Armour         | 2 4 |  4.8
Short Blades   | 3 4 |  4.2
Fighting       | 4 |  4.7
Stealth        | |  0.5

Action                   |  1- 3 |  4- 6 |  7- 9 || total
-------------------------+-------+-------+-------++-------
Melee: Short sword       |   148 |   205 |       ||   353
 Abil: Evoke Berserk Rag |       |     1 |       ||     1
Evoke: Wand              |       |    11 |       ||    11
  Use: Potion            |     3 |     2 |       ||     5
       Scroll            |     7 |     2 |       ||     9
 Stab: Confused          |     1 |       |       ||     1
       Sleeping          |     1 |       |       ||     1
       Petrifying        |       |     1 |       ||     1
       Paralysed         |       |     1 |       ||     1
  Eat: Chunk             |     2 |     6 |       ||     8
       Ration            |       |       |     3 ||     3
Armor: Leather armour    |    22 |       |       ||    22
       Plate armour      |    56 |   193 |       ||   249
Dodge: Dodged            |    53 |    43 |       ||    96

Table legend:
 A = Spawn XP
 B = Non-spawn XP
 C = Spawn XP percentage of total XP
 D = Spawn monster count
 E = Non-spawn monster count
 F = Spawn count percentage of total count
 G = Total turns spent on level
                    A         B        C        D         E        F      G
               +---------+---------+-------+---------+---------+-------+---------
         Total |       0 |     755 |   0.0 |       0 |      84 |   0.0 |  3279
               +---------+---------+-------+---------+---------+-------+---------
           D:1 |       0 |      44 |   0.0 |       0 |      18 |   0.0 |  1120
           D:2 |       0 |      72 |   0.0 |       0 |      28 |   0.0 |   760
           D:3 |       0 |      74 |   0.0 |       0 |      30 |   0.0 |   763
           D:4 |       0 |     565 |   0.0 |       0 |       8 |   0.0 |   636
               +---------+---------+-------+---------+---------+-------+---------
